 Dungeon Crawl Stone Soup version 0.23-a0-767-gdc19b93d68 (webtiles) character file.

51 Flugslaktarn the Covered (level 3, 0/34 HPs)
             Began as a Deep Dwarf Fighter on Jan 28, 2019.
             Killed from afar by an orc wizard (4 damage)
             ... with a magic dart
             ... on level 4 of the Dungeon.
             The game lasted 00:00:42 (549 turns).

Flugslaktarn the Covered (Deep Dwarf Fighter)        Turns: 549, Time: 00:00:43

Health: 0/34       AC:  7    Str: 20    XL:     3   Next: 58%
Magic:  3/3        EV:  7    Int:  8    God:
Gold:   51         SH:  0    Dex: 12    Spells: 2/2 levels left

rFire    . . .     SeeInvis .   a - +0 war axe
rCold    . . .     Gourm    .   c - +0 shield
rNeg     . . .     Faith    .   b - +0 scale mail
rPois    .         Spirit   .   (no helmet)
rElec    .         Reflect  .   (no cloak)
rCorr    .         Harm     .   (no gloves)
MR       .....                  (no boots)
Stlth    ..........             (no amulet)
HPRegen  0.00/turn              (no ring)
MPRegen  0.08/turn              (no ring)

@: confused, non-regenerating
A: damage resistance, heal wounds, sense surroundings 1, no regeneration
a: Heal Wounds


You were on level 4 of the Dungeon.
You were not hungry.

You visited 1 branch of the dungeon, and saw 4 of its levels.

You collected 51 gold pieces.

Inventory:

Hand Weapons
 a - a +0 war axe (weapon)
Armour
 b - a +0 scale mail (worn)
 c - a +0 shield (worn)
Scrolls
 g - 3 scrolls of identify {unknown}
 h - a scroll of fog {unknown}
 i - 2 scrolls of remove curse {unknown}
Potions
 d - a potion of might {@q4}
 e - 2 potions of curing {unknown}
Comestibles
 f - 4 rations {@e1}


   Skills:
 + Level 3.1 Fighting
 * Level 3.0 Axes
 + Level 3.8 Armour
 - Level 3.6 Shields


You had 2 spell levels left.
You didn't know any spells.
Your spell library was empty.

Dungeon Overview and Level Annotations

Branches:
Dungeon (4/15)
 Temple: D:4-7

Altars:
Xom


Innate Abilities, Weirdness & Mutations

You are resistant to damage.
You can heal yourself by infusing magical energy.
You passively map a small area around you.
You do not regenerate.


Message History

The orc wizard points at you and mumbles some strange words.
You resist with some effort.
Your shield and scale mail prevent you from hitting something.
You closely miss the orc wizard. Something hits you.
The orc wizard hits you with a +0 dagger.
Something hits you but does no damage.
You bump into the rock wall.
The orc wizard hits you but does no damage.
You hear some strange, mumbled words.
Unknown command.
You completely miss something. You miss the orc wizard. Something hits you.
The orc wizard gestures at you while chanting.
The puff of flame hits you!
* * * LOW HITPOINT WARNING * * *
You hear some strange, mumbled words.
A puff of flame appears from out of thin air!
The puff of flame misses you. The orc wizard casts a spell at you.
The magic dart hits you!
You die...

* , , , , , * ### * * , ..# #,*
# * #.###. .# , #.#.#*#.## *,
#?.##oo.# #...@{# #..##...# #
#..#*#.## ###.######..###.##
*** * .................# * *
##..............# ,*
######.........#
**########.>.......##########.#
..........†..........<......#


You could see an orc wizard and an orc.

Vanquished Creatures
  3 adders
  A leopard gecko (D:2)
  3 bats
  A giant cockroach (D:3)
  2 goblins (D:1)
  3 hobgoblins
  4 jackals (D:3)
  2 kobolds
  A rat (D:1)
20 creatures vanquished.

Notes
Turn   | Place    | Note
-------+----------+-------------------------------------------
     0 | D:1      | Flugslaktarn the Deep Dwarf Fighter began the quest for the
                  | Orb.
     0 | D:1      | Reached XP level 1. HP: 20/20 MP: 1/1
   207 | D:2      | Reached XP level 2. HP: 24/27 MP: 2/2
   259 | D:2      | Reached XP level 3. HP: 24/34 MP: 3/3
   363 | D:3      | Found a shimmering altar of Xom.
   549 | D:4      | Killed from afar by an orc wizard

Vault maps used:
D:1:      lemuel_arrival_funnel
D:2:      fedhas_ov_isle_minmay
D:3:      nicolae_overflow_hidden_temple, old_standard_altar, first_ration
D:4:      overflow_temple_1_default, kennysheep_mini, lemuel_round_altar,
          overflow_temple_1_default, chequers_temple_overflow_statue_of_worship,
          temple_green, serial_shops, shop, shop, shop, kennysheep_little_box

Skill      XL: |  1  2  3 |
---------------+----------+-----
Fighting       | 3 |  3.1
Axes           | 3 |  3.0
Armour         | |  3.8
Shields        | |  3.6

Action                   || total
-------------------------++-------
Melee: War axe           ||    83
Armor: Scale mail        ||    45
Dodge: Dodged            ||    28
Block: Shield            ||    53

Table legend:
 A = Non-vault XP
 B = Vault XP
 C = Vault XP percentage of total XP
 D = Non-vault monster count
 E = Vault monster count
 F = Vault count percentage of total count
                 A         B        C        D         E       F
            +---------+---------+-------+---------+---------+-------
      Total |      74 |       0 |   0.0 |      20 |       0 |   0.0
            +---------+---------+-------+---------+---------+-------
        D:1 |      11 |       0 |   0.0 |       6 |       0 |   0.0
        D:2 |      36 |       0 |   0.0 |       6 |       0 |   0.0
        D:3 |      13 |       0 |   0.0 |       7 |       0 |   0.0
        D:4 |      14 |       0 |   0.0 |       1 |       0 |   0.0
            +---------+---------+-------+---------+---------+-------
